 Dungeon Sprint DCSS version 0.20-a0-640-g62ed22f (webtiles) character file.

275 esc the Skirmisher (level 6, -2/44 HPs)
             Began as a Gargoyle Berserker on Feb 12, 2017.
             Was a Believer of Trog.
             Slain by a tyrant leech (28 damage)
             ... in the Dungeon (Sprint II: "The Violet Keep of Menkaure").
             The game lasted 00:00:52 (140 turns).

esc the Skirmisher (Gargoyle Berserker)              Turns: 140, Time: 00:00:53

Health: -2/44      AC:  7    Str: 22    XL:     6   Next: 25%
Magic:  6/6        EV: 14    Int:  8    God:    Trog [**....]
Gold:   243        SH:  0    Dex:  9    Spells: 5/5 levels left

rFire    . . .     SeeInvis .   a - +0 mace
rCold    . . .     Gourm    .   b - +0 animal skin
rNeg     + . .     Faith    .   (no shield)
rPois    ∞         Spirit   .   (no helmet)
rElec    +         Reflect  .   (no cloak)
rCorr    .         Harm     .   (no gloves)
MR       .....     NoTele   +   (no boots)
Stlth    +.........             (no amulet)
Regen    0.2/turn               (no ring)
MPRegen  0.1/turn               (no ring)

@: exhausted, slowed, very slow
A: negative energy resistance 1, electricity resistance, unbreathing,
petrification resistance, rot immunity, AC +4
a: Berserk, Trog's Hand, Burn Spellbooks, Renounce Religion


You were in the Dungeon.
You worshipped Trog.
Trog was pleased with you.
You were not hungry.

You visited 1 branch You collected 243 gold pieces.

Inventory:

Hand Weapons
 a - a +0 mace (weapon)
Armour
 b - a +0 animal skin (worn)
Scrolls
 i - a scroll of blinking {!r}
Potions
 d - a potion of curing
 e - a potion of heal wounds
 f - a potion of haste
 g - 2 potions of magic
 h - a potion of berserk rage {!q}
Comestibles
 c - a bread ration {@e1}
 j - 7 chunks of flesh {@w0}


   Skills:
 + Level 7.6 Fighting
 + Level 6.9 Maces & Flails
 + Level 7.2 Armour
 + Level 5.4 Dodging


You had 5 spell levels left.
You didn't know any spells.

Dungeon Overview and Level Annotations

Branches:
Dungeon (1/1)

Altars:


Innate Abilities, Weirdness & Mutations

You are resistant to torment.
Your stone body is resilient. (AC +4)
You are immune to poison.
You resist negative energy. (rN+)
You are resistant to electric shocks. (rElec)
You can survive without breathing.
You are immune to petrification.
You are immune to rotting.


Message History

You barely miss the worker ant. The worker ant barely misses you.
You sock the worker ant! The worker ant barely misses you.
You barely miss the worker ant. The worker ant bites you.
You take 1 damage, and have 36/37 hp.
You barely miss the worker ant. The worker ant misses you.
You hit the worker ant. The worker ant bites you.
You take 5 damage, and have 31/37 hp.
You sock the worker ant!
You kill the worker ant!
Trog accepts your kill.
You can now call upon Trog for regeneration and protection from hostile enchantments.
Your Fighting skill increases to level 5!
You have reached level 4!
You feel clever.
You regained 8 hp, and now have 39/46 hp.
MP restored: 4 You closely miss the worker ant.
You sock the worker ant! The worker ant barely misses you.
You sock the worker ant!
You kill the worker ant!
Trog accepts your kill.
Your Maces & Flails skill increases to level 5!
Your Armour skill increases to level 5!
You regained 2 hp, and now have 41/48 hp.
No target in view!
No target in view!
You now have 243 gold pieces.
Things that are here:
a worker ant corpse x2
You butcher the worker ant corpse.
You feel a strong urge to attack something.
You are no longer berserk.
You are exhausted.
You feel yourself slow down.
j - 5 chunks of flesh {@w0} (gained 2)
You see here a worker ant corpse.
You now have 28/32 hp.
You butcher the worker ant corpse.
j - 7 chunks of flesh {@w0} (gained 2)
There isn't anything here!
You start resting.
You feel yourself speed up.
Health restored: 32
There is an open door here.
You start waiting.
You feel less exhausted.
You open the door. 2 tyrant leeches come into view.
A red film seems to cover your vision as you go berserk!
You feel yourself moving faster!
You feel mighty!
You feel quite a bit more hungry.
You now have 48/48 hp.
You bludgeon the tyrant leech!! You thump the tyrant leech!
The tyrant leech barely misses you.
You barely miss the tyrant leech. The tyrant leech barely misses you.
You sock the tyrant leech! You thump the tyrant leech!
The tyrant leech bites you!
You take 16 damage, and have 32/48 hp.
MASSIVE DAMAGE!!
You hit the tyrant leech.
You kill the tyrant leech!
Trog accepts your kill.
Your Fighting skill gained 2 levels and is now at level 7!
Your Maces & Flails skill increases to level 6!
Your Armour skill gained 2 levels and is now at level 7!
Your Dodging skill gained 2 levels and is now at level 5!
You have reached level 5!
You have reached level 6!
Your experience leads to an increase in your attributes!
Your base attributes are Str 21, Int 8, Dex 9.
Increase (S)trength, (I)ntelligence, or (D)exterity?
You feel stronger.
You regained 12 hp, and now have 44/66 hp.
MP restored: 6 You closely miss the tyrant leech.
You closely miss the tyrant leech. The tyrant leech completely misses you.
You hit the tyrant leech. You sock the tyrant leech!
The tyrant leech misses you.
You closely miss the tyrant leech. You hit the tyrant leech.
The tyrant leech barely misses you.
You barely miss the tyrant leech. You sock the tyrant leech!
The tyrant leech closely misses you.
You barely miss the tyrant leech. You sock the tyrant leech!
You are no longer berserk.
You are exhausted.
You feel yourself slow down. The tyrant leech barely misses you.
You now have 30/44 hp.
You closely miss the tyrant leech.
The tyrant leech bites you but does no damage.
You closely miss the tyrant leech. The tyrant leech barely misses you.
The tyrant leech bites you.
You take 1 damage, and have 29/44 hp.
You sock the tyrant leech! The tyrant leech bites you.
You take 3 damage, and have 26/44 hp.
You closely miss the tyrant leech. The tyrant leech barely misses you.
You hit the tyrant leech. The tyrant leech bites you!!
Ouch! That really hurt!
You die...

##+##
##.#.##
#..#..# #
###.###
##. #'#
#..$##.##
#w@<.+
#...##.##
##. #+# #


You could see a tyrant leech.

Vanquished Creatures
  A tyrant leech (D)
  4 worker ants (D)
5 creatures vanquished.

Vanquished Creatures (others)
  A crocodile (D)
1 creature vanquished.

Grand Total: 6 creatures vanquished

Notes
Turn   | Place    | Note
-------+----------+-------------------------------------------
     0 | D        | esc the Gargoyle Berserker began the quest for the Orb.
     0 | D        | Reached XP level 1. HP: 14/14 MP: 1/1
     1 | D        | Noticed a worker ant
     1 | D        | Noticed a worker ant
     7 | D        | Killed a worker ant
     7 | D        | Reached skill level 4 in Fighting
     7 | D        | Reached skill level 4 in Maces & Flails
     7 | D        | Reached skill level 3 in Armour
     7 | D        | Reached skill level 2 in Dodging
     7 | D        | Reached XP level 2. HP: 20/20 MP: 2/2
    13 | D        | Reached skill level 4 in Armour
    13 | D        | Reached skill level 3 in Dodging
    13 | D        | Reached XP level 3. HP: 25/25 MP: 3/3
    23 | D        | Killed a crocodile
    74 | D        | Reached ** piety under Trog
    74 | D        | Reached skill level 5 in Fighting
    74 | D        | Reached XP level 4. HP: 31/31 MP: 4/4
    77 | D        | Reached skill level 5 in Maces & Flails
    77 | D        | Reached skill level 5 in Armour
   118 | D        | Noticed a tyrant leech
   118 | D        | Noticed a tyrant leech
   125 | D        | Killed a tyrant leech
   125 | D        | Reached skill level 7 in Fighting
   125 | D        | Reached skill level 6 in Maces & Flails
   125 | D        | Reached skill level 7 in Armour
   125 | D        | Reached skill level 5 in Dodging
   125 | D        | Reached XP level 5. HP: 38/39 MP: 5/5
   125 | D        | Reached XP level 6. HP: 44/44 MP: 6/6
   140 | D        | Slain by a tyrant leech

Vault maps used:
D:        the_violet_keep_of_menkaure

Skill      XL: |  1  2  3  4 |
---------------+-------------+-----
Fighting       | 4 5 7 |  7.6
Maces & Flails | 4 6 |  6.9
Armour         | 3 4 7 |  7.2
Dodging        | 2 3 5 |  5.4

Action                   |  1- 3 |  4- 6 || total
-------------------------+-------+-------++-------
Melee: Mace              |    20 |    24 ||    44
Invok: Berserk           |     2 |     1 ||     3
Armor: Animal skin       |     2 |     1 ||     3
Dodge: Dodged            |    12 |    10 ||    22

Vault maps used:
D:        the_violet_keep_of_menkaure

Table legend:
 A = Turns spent in this place as a percentage of turns spent in the entire game.
 B = Non-inter-level travel turns spent in this place as a percentage of non-inter-level travel turns spent in the entire game.
 C = Inter-level travel turns spent in this place as a percentage of turns spent in this place.
 D = Turns resting spent in this place as a percentage of non-inter-level travel turns spent in this place.
 E = Turns spent auto-exploring this place as a percentage of non-inter-level travel turns spent in this place.
 F = Non-inter-level travel turns spent in this place divided by the number of levels of this place that you've seen.
                   A       B       C       D       E      F
               +-------+-------+-------+-------+-------+----------------------
         Total | 100.0 | 100.0 |   0.0 |  10.1 |   0.0 |  79.0
       Dungeon | 100.0 | 100.0 |   0.0 |  10.1 |   0.0 |  79.0
               +-------+-------+-------+-------+-------+----------------------

Table legend:
 A = Kills in this place as a percentage of kills in entire the game.
 B = Kills by you in this place as a percentage of kills by you in the entire game.
 C = Kills by friends in this place as a percentage of kills by friends in the entire game.
 D = Other kills in this place as a percentage of other kills in the entire game.
 E = Experience gained in this place as a percentage of experience gained in the entire game.
 F = Experience gained in this place divided by the number of levels of this place that you have seen.
                   A       B       C       D       E      F
               +-------+-------+-------+-------+-------+----------------------
         Total | 100.0 | 100.0 |  -nan |  -nan | 100.0 | 394.0
       Dungeon | 100.0 | 100.0 |  -nan |  -nan | 100.0 | 394.0
               +-------+-------+-------+-------+-------+----------------------
